 Dungeon Crawl Stone Soup version 0.24.0-123-gd5b16e6ec5 (webtiles) character file.

Game seed: 5525220710069319144, levelgen mode: deterministic

824648 Hasart the Petrodigitator (level 27, -1/198 (201) HPs)
             Began as a Vampire Earth Elementalist on Dec 22, 2019.
             Was a High Priest of Sif Muna.
             Slain by an Executioner (2 damage)
             ... summoned by Gloorx Vloq
             ... in Pandemonium on Jan 13, 2020.
             The game lasted 08:10:20 (124960 turns).

Hasart the Petrodigitator (VpEE)                  Turns: 124960, Time: 08:10:21

HP:   -1/198 (201)  AC: 22    Str:  7    XL:     27
MP:   0/54          EV: 26    Int: 38    God:    Sif Muna [*****.]
Gold: 1232          SH: 19    Dex: 26    Spells: 2/70 levels left

rFire    + + .     SeeInvis +   R - +8 autumn katana {slice, Clar}
rCold    + . .     Gourm    .   i - +5 shield {reflect}
rNeg     . . .     Faith    .   O - +4 moon troll leather armour {Spirit, Regen++ MP+5}
rPois    .         Spirit   +   W - +2 helmet {Int+3}
rElec    +         Reflect  +   F - scarf {cloud immunity}
rCorr    +         Harm     .   g - +1 pair of gloves "Gatwiaz" {Int+5 Dex+6}
MR       ++...     Clarity  +   B - +2 pair of boots {run}
Stlth    +++.......             Q - amulet of Cesuexui {rElec Regen+ Int+4 Dex-2}
HPRegen  2.83/turn              Z - ring "Iclimpew" {rF++ rC+ AC+3 Dex+7}
MPRegen  0.34/turn              y - ring of resist corrosion

@: lethally poisoned (-1 -> -2), regenerating (expiring), slowed, studying
Armour, very slow
A: no food, fangs 3, hooves 2, see invisible, clumsy 1, deterioration 1, dopey
1, screaming 1, unbreathing
}: 5/15 runes: serpentine, barnacled, slimy, silver, abyssal
a: Exsanguinate, Channel Magic, Forget Spell, Divine Exegesis, Renounce Religion


You were in Pandemonium.
You worshipped Sif Muna.
Sif Muna was extremely pleased with you.
You were alive.

You visited 14 branches of the dungeon, and saw 57 of its levels.
You visited Pandemonium 1 time, and saw 4 of its levels.
You visited the Abyss 7 times.
You visited 2 bazaars.
You also visited: Trove, Ice Cave and Desolation.

You collected 35024 gold pieces.
You spent 12576 gold pieces at shops.
You paid 21216 gold pieces to Gozag.

Inventory:

Hand Weapons
 h - the +9 dagger of Eternal Vigilance {freeze, rElec rPois rN+ MR-}
   (You took it off a merfolk on level 4 of the Shoals)

   It has been specially enchanted to freeze those struck by it, causing extra
   injury to most foes and up to half again as much damage against particularly
   susceptible opponents.
   It can also slow down cold-blooded creatures.
   It insulates you from electricity.
   It protects you from poison.
   It protects you from negative energy.
   It affects your resistance to hostile enchantments.
 R - the +8 autumn katana (weapon) {slice, Clar}
   (You took it off a deep elf demonologist on level 3 of the Elven Halls)

   It inflicts extra damage upon your enemies.
   It protects you against confusion.
Armour
 g - the +1 pair of gloves "Gatwiaz" (worn) {Int+5 Dex+6}
   (You found it on level 4 of the Depths)

   It affects your intelligence (+5).
   It affects your dexterity (+6).
 i - a +5 shield of reflection (worn)
 B - a +2 pair of boots of running (worn)
 F - a scarf of cloud immunity (worn)
 G - the +2 hat "Zoarakyoga" {rN+ MR+}
   (You bought it in a shop on level 2 of the Orcish Mines)

   It protects you from negative energy.
   It affects your resistance to hostile enchantments.
 O - the +4 moon troll leather armour (worn) {Spirit, Regen++ MP+5}
   (You bought it in a shop on level 1 of the Lair of Beasts)

   It affects your magic capacity (+5).
   It increases your rate of regeneration.
 W - a +2 helmet of intelligence (worn)
Magical Staves
 N - an uncursed staff of power
Jewellery
 b - a +3 amulet of reflection
 c - an uncursed ring of poison resistance
 y - a ring of resist corrosion (right hand)
 D - the amulet "Toveunut" {RegenMP MR+ Str-5 Dex+5}
   (You found it in a treasure trove)

   [amulet of magic regeneration]

   It increases your magic regeneration.
   It affects your strength (-5).
   It affects your dexterity (+5).
   It affects your resistance to hostile enchantments.
 E - the ring of the Salamander {rN+ Int+9}
   (You found it on level 3 of the Crypt)

   [ring of positive energy]

   It affects your intelligence (+9).
   It protects you from negative energy.
 K - the ring "Miywoetz" {Wiz rF+ Str+5}
   (You found it on level 5 of the Vaults)

   [ring of wizardry]

   It improves your spell success rate.
   It affects your strength (+5).
   It protects you from fire.
 Q - the amulet of Cesuexui (around neck) {rElec Regen+ Int+4 Dex-2}
   (You found it in a treasure trove)

   [amulet of regeneration]

   It affects your intelligence (+4).
   It affects your dexterity (-2).
   It insulates you from electricity.
   It increases your rate of regeneration.
 X - a cursed ring of flight
 Y - the ring of Olecelle {Str+5 Int+4 Dex+4 SInv}
   (You bought it in a shop on level 2 of the Orcish Mines)

   [ring of dexterity]

   It affects your strength (+5).
   It affects your intelligence (+4).
   It affects your dexterity (+4).
   It lets you see invisible.
 Z - the ring "Iclimpew" (left hand) {rF++ rC+ AC+3 Dex+7}
   (You bought it in a shop on level 2 of the Elven Halls)

   [ring of protection]

   It affects your AC (+3).
   It affects your dexterity (+7).
   It greatly protects you from fire.
   It protects you from cold.
Wands
 k - a wand of polymorph (16)
 n - a wand of random effects (10)
 u - a wand of disintegration (47)
 v - a wand of iceblast (34)
 H - a wand of acid (20)
 J - a wand of digging (30)
 M - a wand of paralysis (54)
 S - a wand of scattershot (10)
 T - a wand of clouds (14)
Scrolls
 e - 14 scrolls of teleportation
 f - 26 scrolls of remove curse
 l - 9 scrolls of fog
 m - 4 scrolls of summoning
 o - 34 scrolls of identify
 p - 12 scrolls of enchant armour
 s - 2 scrolls of fear
 w - 2 scrolls of acquirement
 x - 6 scrolls of magic mapping
 I - a scroll of brand weapon
 L - 14 scrolls of blinking
 U - 7 scrolls of amnesia
Potions
 a - 14 potions of heal wounds
 d - 7 potions of haste
 r - 7 potions of mutation
 t - 5 potions of cancellation
 z - 21 potions of curing
 A - 6 potions of resistance
 C - 9 potions of invisibility
 P - 14 potions of brilliance
 V - 4 potions of magic
Books
 j - a manual of Armour


   Skills:
 + Level 13.5 Fighting
 + Level 10.8 Long Blades
   Level 5.0 Maces & Flails
   Level 4.0 Polearms
 - Level 10.0 Armour
 - Level 15.0 Dodging
 - Level 3.0 Stealth
 + Level 14.8 Shields
 + Level 22.3 Spellcasting
 + Level 13.4 Conjurations
 - Level 15.4 Necromancy
   Level 1.1 Transmutations
   Level 1.8 Fire Magic
 * Level 20.2 Ice Magic
 O Level 27 Earth Magic
 + Level 8.7 Invocations
 - Level 11.0 Evocations


You had 2 spell levels left.
You knew the following spells:

 Your Spells              Type           Power        Failure   Level  Hunger
a - Dispel Undead         Necr           ########     1%          5    N/A
b - Stone Arrow           Conj/Erth      ######       0%          3    N/A
c - Lee's Rapid Deconstr  Erth           ########..   0%          5    N/A
d - Borgnjor's Vile Clut  Necr/Erth      ########..   0%          5    N/A
e - Iron Shot             Conj/Erth      ########..   1%          6    N/A
f - Blink                 Tloc           N/A          1%          2    N/A
g - Swiftness             Chrm/Air       #####...     1%          2    N/A
h - Passage of Golubria   Tloc           N/A          9%          4    N/A
i - Shatter               Erth           ########..   1%          9    N/A
j - Freezing Cloud        Conj/Ice/Air   #######...   1%          6    N/A
s - Lehudib's Crystal Sp  Conj/Erth      ########..   1%          8    N/A
v - Infestation           Necr           ########..   10%         8    N/A
x - Sublimation of Blood  Necr           ########..   0%          2    N/A
z - Regeneration          Chrm/Necr      #######...   1%          3    N/A

Your spell library contained the following spells:

 Spells                   Type           Power        Failure   Level  Hunger
 Animate Skeleton         Necr           N/A          0%          1    N/A
 Freeze                   Ice            ####         0%          1    N/A
 Magic Dart               Conj           ####         0%          1    N/A
 Pain                     Necr           ####         0%          1    N/A
 Sandblast                Erth           ######       0%          1    N/A
 Corpse Rot               Necr           N/A          0%          2    N/A
 Passwall                 Tmut/Erth      #######.     0%          2    N/A
 Searing Ray              Conj           ######       0%          2    N/A
 Apportation              Tloc           #####.       1%          1    N/A
 Beastly Appendage        Tmut           ######       1%          1    N/A
 Confusing Touch          Hex            #####.       1%          1    N/A
 Corona                   Hex            #####..      1%          1    N/A
 Flame Tongue             Conj/Fire      #####        1%          1    N/A
 Infusion                 Chrm           ####         1%          1    N/A
 Shock                    Conj/Air       ####         1%          1    N/A
 Summon Butterflies       Summ           #####...     1%          1    N/A
 Summon Small Mammal      Summ           ####         1%          1    N/A
 Call Imp                 Summ           #####...     1%          2    N/A
 Ensorcelled Hibernation  Hex/Ice        ######       1%          2    N/A
 Shroud of Golubria       Chrm/Tloc      #####.       1%          2    N/A
 Slow                     Hex            #####...     1%          2    N/A
 Song of Slaying          Chrm           #####...     1%          2    N/A
 Sticks to Snakes         Tmut           ######..     1%          2    N/A
 Throw Flame              Conj/Fire      ######       1%          2    N/A
 Vampiric Draining        Necr           ########..   0%          3    N/A
 Animate Dead             Necr           N/A          0%          4    N/A
 Throw Icicle             Conj/Ice       ########     0%          4    N/A
 Conjure Flame            Conj/Fire      #######.     1%          3    N/A
 Dazzling Spray           Conj/Hex       ######       1%          3    N/A
 Ignite Poison            Fire/Tmut/Pois #####...     1%          3    N/A
 Inner Flame              Hex/Fire       #####...     1%          3    N/A
 Mephitic Cloud           Conj/Pois/Air  ######..     1%          3    N/A
 Ozocubu's Armour         Chrm/Ice       #######.     1%          3    N/A
 Spider Form              Tmut/Pois      #####.....   1%          3    N/A
 Static Discharge         Conj/Air       #######.     1%          3    N/A
 Force Lance              Conj/Tloc      #######.     1%          4    N/A
 Fulminant Prism          Conj/Hex       #######...   1%          4    N/A
 Ice Form                 Ice/Tmut       #######.     1%          4    N/A
 Iskenderun's Mystic Bla  Conj           #######.     1%          4    N/A
 Leda's Liquefaction      Hex/Erth       #######...   1%          4    N/A
 Petrify                  Tmut/Erth      #######.     1%          4    N/A
 Sticky Flame             Conj/Fire      #######.     1%          4    N/A
 Agony                    Necr           ########     1%          5    N/A
 Bolt of Draining         Conj/Necr      ########..   1%          5    N/A
 Bolt of Magma            Conj/Fire/Erth #######...   1%          5    N/A
 Excruciating Wounds      Chrm/Necr      #######...   1%          5    N/A
 Fireball                 Conj/Fire      #######...   1%          5    N/A
 Irradiate                Conj/Tmut      #######...   1%          5    N/A
 Iskenderun's Battlesphe  Conj/Chrm      #######.     1%          5    N/A
 Lightning Bolt           Conj/Air       #######...   1%          5    N/A
 Metabolic Englaciation   Hex/Ice        #######...   1%          5    N/A
 Bolt of Cold             Conj/Ice       ########..   1%          6    N/A
 Death Channel            Necr           ########..   1%          6    N/A
 Ozocubu's Refrigeration  Ice            ########..   1%          6    N/A
 Simulacrum               Ice/Necr       ########..   1%          6    N/A
 Statue Form              Tmut/Erth      #######..    1%          6    N/A
 Confuse                  Hex            #####...     2%          3    N/A
 Gell's Gravitas          Tloc           #####.....   2%          3    N/A
 Lesser Beckoning         Tloc           #####.....   2%          3    N/A
 Portal Projectile        Hex/Tloc       #####.       2%          3    N/A
 Recall                   Summ/Tloc      N/A          2%          3    N/A
 Spectral Weapon          Hex/Chrm       #####...     2%          3    N/A
 Summon Guardian Golem    Hex/Summ       #####...     2%          3    N/A
 Tukima's Dance           Hex            #####...     2%          3    N/A
 Orb of Destruction       Conj           #######...   2%          7    N/A
 Bolt of Fire             Conj/Fire      #######...   5%          6    N/A
 Conjure Ball Lightning   Conj/Air       #######...   8%          6    N/A
 Airstrike                Air            #####.....   9%          4    N/A
 Cause Fear               Hex            #####.....   9%          4    N/A
 Summon Lightning Spire   Summ/Air       #####...     9%          4    N/A
 Blade Hands              Tmut           ######....   14%         5    N/A
 Alistair's Intoxication  Tmut/Pois      #####...     19%         5    N/A
 Yara's Violent Unravell  Hex/Tmut       #####.....   19%         5    N/A
 Aura of Abjuration       Summ           #####.....   22%         5    N/A
 Silence                  Hex/Air        #####.....   22%         5    N/A
 Summon Demon             Summ           #####.....   22%         5    N/A
 Summon Forest            Summ/Tloc      #####.....   22%         5    N/A
 Summon Mana Viper        Hex/Summ       #####...     22%         5    N/A
 Haunt                    Necr/Summ      #######...   28%         7    N/A
 Hydra Form               Tmut           ######....   61%         6    N/A
 Glaciate                 Conj/Ice       ########..   63%         9    N/A
 Darkness                 Hex            #####.....   77%         6    N/A
 Deflect Missiles         Chrm/Air       #####.....   77%         6    N/A
 Dispersal                Tloc           #####.....   77%         6    N/A
 Invisibility             Hex            #####...     77%         6    N/A
 Shadow Creatures         Summ           N/A          77%         6    N/A
 Chain Lightning          Conj/Air       #######...   98%         8    N/A
 Ring of Flames           Chrm/Fire      #####.....   99%         7    N/A
 Summon Hydra             Summ           #####.....   100%        7    N/A
 Controlled Blink         Tloc           N/A          100%        8    N/A
 Discord                  Hex            #####.....   100%        8    N/A
 Disjunction              Tloc           #####.....   100%        8    N/A
 Ignition                 Fire           ######....   100%        8    N/A
 Summon Horrible Things   Summ           #####.....   100%        8    N/A
 Fire Storm               Conj/Fire      #######...   100%        9    N/A
 Tornado                  Air            #####.....   100%        9    N/A
 Borgnjor's Revivificati  Necr           Unusable     N/A         8    N/A
 Necromutation            Tmut/Necr      Unusable     N/A         8    N/A
 Death's Door             Chrm/Necr      Unusable     N/A         8    N/A

Dungeon Overview and Level Annotations

Branches:
Dungeon (15/15)            Temple (1/1) D:6            Lair (6/6) D:9
 Shoals (4/4) Lair:2        Snake (4/4) Lair:2        Slime (5/5) Lair:5
    Orc (2/2) D:12            Elf (3/3) Orc:2        Vaults (5/5) D:14
  Crypt (3/3) Vaults:2       Tomb (2/3) Crypt:3      Depths (5/5) D:15
   Hell (visited)             Dis (0/7) Hell            Geh (0/7) Hell
    Coc (0/7) Hell            Tar (0/7) Hell            Zot (1/5) Depths:5
  IceCv (visited)         Desolation (visited)

Altars:
Ashenzari
Cheibriados
Dithmenos
Elyvilon
Fedhas
Gozag
Hepliaklqana
Kikubaaqudgha
Makhleb
Nemelex Xobeh
Okawaru
Qazlal
Ru
Sif Muna
Trog
Uskayaw
Vehumet
Wu Jian
Xom
Yredelemnul
Zin
The Shining One
Jiyva

Shops:
D:5 *   D:7 =   D:10 [:=   D:15 *   Orc:1 =   Orc:2 *[([*:   Elf:1 *   Elf:2 =
Lair:1 [   Lair:2 :([   Lair:6 [   Shoals:1 [   Shoals:3 *   Vaults:4 [
Depths:1 :   Depths:2 *   Depths:3 !*   Depths:5 *:=[

Portals:
Hell: Depths:1 Depths:2 Depths:3 Depths:4 Depths:5
Abyss: Depths:4
Pandemonium: Depths:1 Depths:3 Depths:4
Ziggurat: Depths:1

Annotations:
Vaults:2 2 runed translucent doors, Zonian's ghost, adept HOFi; tamionv's ghost, adept GrFi
Vaults:3 3 runed translucent doors, howech's ghost, veteran MiGl
Crypt:1 3 runed translucent doors, Roocroe's ghost, veteran MiGl
Pan Gloorx Vloq


Innate Abilities, Weirdness & Mutations

You do not eat.
Your natural rate of healing is unusually fast.
You have razor-sharp teeth.
You have supernaturally acute eyesight. (SInv)
You can survive without breathing.
You have hoof-like feet.
You are clumsy. (Dex -2)
Your body sometimes deteriorates upon taking damage.
You are dopey. (Int -2)
You occasionally shout uncontrollably at your foes.


Message History

You bite the Executioner, but do no damage.
The Executioner is lightly wounded.
The Executioner completely misses you.
The Executioner hits you but does no damage. x2
The Executioner completely misses you. x2
Gloorx Vloq calls on the powers of darkness!
Your body is wracked with pain!
* * * LOW HITPOINT WARNING * * *
The Executioner hits you but does no damage. x2
The Executioner hits you.
* * * LOW HITPOINT WARNING * * *
The Executioner hits you!!
* * * LOW HITPOINT WARNING * * *
You block the Executioner's attack. The Executioner misses you.
The Executioner hits you!
* * * LOW HITPOINT WARNING * * *
The Executioner hits you!
* * * LOW HITPOINT WARNING * * *
The Executioner hits you.
You die...

.......#.........#..#..&........
.......#......#.........#...#..#
.......#.........#..............
.......#......##.#.............#
.......#........................
.......#......#..#.............W
.......#.......°°..............#
.......#......#°&###..........#.#
.......##......1@#.............#.
.......#.......°11...............
...∩...##......°.#°#...#'#######.
.......#.#.#.....................
.......##.#.....................#
.......#...#.....................
.......####...#.#..##.########..#
...................=.............
..#..............................


You could see Gloorx Vloq and 3 Executioners.

Vanquished Creatures
  the Royal Jelly (Slime:5)
  5 ancient liches
  Khufu (Crypt:1)
  Mennas (Tomb:1)
  2 juggernauts (Depths:5)
  19 greater mummies
  Sojobo (Depths:3)
  Saint Roka (Snake:2)
  A caustic shrike (Depths:4)
  Vashnia (Snake:2)
  Geryon (Hell)
  The ghost of mortelune the Scorcher, a veteran GrFE of Vehumet (Depths:3)
  A profane servitor (Crypt:3)
  4 golden dragons
  Jory (Vaults:3)
  12 bone dragons
  2 Tzitzimimeh
  2 pandemonium lords (Pan)
  3 hellephants
  Rupert (D:13)
  An Ice Fiend (Pan)
  11 liches
  8 tentacled monstrosities
  Jorgrun (D:13)
  9 titans
  Asterion (Vaults:3)
  2 krakens
  27 acid blobs
  4 deep elf blademasters
  20 tentacled starspawn
  19 Executioners
  Polyphemus (Shoals:3)
  2 deep elf master archers (Elf:3)
  11 sphinxes
  Frances (D:12)
  10 shadow dragons
  Agnes (D:14)
  Kirke (D:12)
  5 ancient champions
  Donald (Shoals:4)
  7 tengu reavers
  13 fire giants
  3 storm dragons
  10 frost giants
  Ilsuiw (Shoals:3)
  A daeva (Abyss:1)
  12 nagarajas
  16 azure jellies
  5 revenants
  4 balrugs
  7 iron dragons
  An imperial myrmidon (Desolation)
  9 deep elf sorcerers
  An orc warlord (Orc:2)
  Aizul (Shoals:3)
  14 vault wardens
  A draconian knight (Abyss:1)
  A warmonger (Pan)
  8 reapers
  2 draconian scorchers
  6 cacodemons
  2 curse skulls (Pan)
  2 draconian shifters (Abyss:3)
  10 ironheart preservers
  Louise (Shoals:1)
  4 deep elf elementalists
  A ghoul (Crypt:3)
  9 blood saints (Pan)
  A draconian stormcaller (Depths:5)
  3 spriggan defenders
  A war gargoyle (Vaults:5)
  3 green draconians
  2 entropy weavers (D:12)
  4 bennus
  32 stone giants
  33 very ugly things
  21 vampire knights
  6 lorocyprocas
  10 deep elf annihilators
  7 corrupters (Pan)
  5 deep elf demonologists
  A halazid warlock (Desolation)
  5 black draconians
  A red draconian (Depths:5)
  8 black suns (Pan)
  13 dire elephants
  A spark wasp (shapeshifter) (Vaults:5)
  Azrael (Snake:2)
  3 yellow draconians
  6 merfolk javelineers
  10 mummy priests (Tomb:1)
  Snorg (D:14)
  4 blizzard demons
  23 jiangshi
  4 eidola
  4 green deaths
  14 ettins
  15 deep elf death magi
  7 death oozes
  A crystal guardian (Vaults:2)
  5 fire dragons
  A quicksilver dragon zombie (Hell)
  6 deep elf high priests
  13 great orbs of eyes
  3 servants of whispers (Desolation)
  23 yaktaur captains
  5 monstrous demonspawn (Pan)
  The ghost of Setanta the Blocker, a journeyman GnFi of Cheibriados (Lair:1)
  11 merfolk impalers
  6 rakshasas (Depths:1)
  12 ice dragons
  5 hydras
  2 spriggan air magi
  A juggernaut simulacrum (Depths:3)
  25 anacondas
  A peacekeeper (Vaults:3)
  The ghost of SeryemOne the Thaumaturge, a journeyman GnWz of Okawaru (Lair:1)
  36 vault guards
  A hell beast (Pan)
  The ghost of SeryemCrawls the Thaumaturge, a journeyman GnWz of Ashenzari (Lair:1)
  3 catoblepae
  3 alligator snapping turtles
  11 naga warriors
  Erica (Orc:1)
  13 centaur warriors
  Erolcha (D:12)
  3 merfolk aquamancers
  2 merfolk avatars (Shoals:4)
  The ghost of TheNamelessOne the Destroyer, a journeyman OpFE of Vehumet (Lair:1)
  6 tengu warriors
  A two-headed ogre (shapeshifter) (Vaults:5)
  8 death knights
  43 two-headed ogres
  A satyr (Shoals:3)
  13 death scarabs
  13 ogre magi
  10 death yaks
  6 spriggan berserkers
  9 vampire magi
  8 deep troll shamans
  A queen ant (D:12)
  A titan zombie (Crypt:1)
  12 deep troll earth magi
  A hell hog (Abyss:3)
  6 hell knights
  16 thrashing horrors
  21 naga sharpshooters
  4 shock serpents
  4 orc high priests (Orc:2)
  The ghost of manon the Carver, a novice DsCK of Xom (Lair:1)
  14 soul eaters
  2 spriggans
  Nergalle (D:12)
  23 deep elf knights
  A titan skeleton (Pan)
  16 shadow wraiths
  16 wretched stars
  15 sun demons
  A fire crab (shapeshifter) (D:15)
  An iron golem (Hell)
  38 skeletal warriors
  7 unseen horrors
  5 iron trolls
  4 salamander mystics
  6 spatial maelstroms
  A golden dragon zombie (Hell)
  12 sixfirhies
  5 anaconda zombies
  2 torturous demonspawn (Pan)
  7 glowing orange brains
  6 wizards
  A storm dragon skeleton (Abyss:1)
  A kraken simulacrum (Shoals:4)
  4 infernal demonspawn (Pan)
  4 flayed ghosts
  22 deep trolls
  An obsidian statue (Orc:2)
  10 naga ritualists
  14 deep elf archers
  19 ironbrand convokers
  4 lindwurms (Lair:4)
  7 gelid demonspawn (Pan)
  11 sea snakes
  17 shadow demons
  8 necromancers
  13 phantasmal warriors
  13 harpies
  A swamp dragon (Lair:4)
  3 anaconda skeletons
  16 orc knights
  A sphinx zombie (Vaults:2)
  A spectral iron dragon (Crypt:3)
  2 shadow dragon skeletons
  8 orc sorcerers
  2 iron dragon zombies
  3 orb spiders (shapeshifter)
  9 mana vipers
  43 ugly things
  A golden dragon skeleton (Pan)
  5 oklob plants
  An orange crystal statue (Depths:1)
  A wolf spider (shapeshifter) (Depths:1)
  3 wolf spiders
  A mana viper (shapeshifter) (Depths:1)
  A cyclops (shapeshifter) (Vaults:1)
  71 deep elf magi
  7 manticores
  13 fauns
  7 cyclopes
  4 shining eyes
  8 salamanders
  9 worldbinders
  2 frost giant skeletons
  An iron dragon skeleton (Crypt:2)
  2 dire elephant zombies (Hell)
  A fire giant zombie (Crypt:1)
  19 merfolk sirens
  2 stone giant skeletons
  A centaur zombie (D:10)
  2 shock serpent zombies
  11 elephants
  16 guardian serpents
  A moth of wrath (shapeshifter) (Depths:4)
  3 apocalypse crabs
  39 black mambas
  2 fire giant skeletons
  9 water nymphs
  2 ice statues (IceCv)
  8 rust devils
  3 gargoyles
  11 vault sentinels
  An eye of devastation (Slime:5)
  22 naga magi
  26 smoke demons
  An elephant slug zombie (Crypt:1)
  A guardian serpent (shapeshifter) (Depths:5)
  5 spectral swamp worms
  9 orange demons
  10 spiny frogs
  2 rime drakes (IceCv)
  6 freezing wraiths
  2 efreet
  2 kobold demonologists (D:15)
  49 yaktaurs
  3 dire elephant skeletons
  A tormentor (Pan)
  2 komodo dragons (shapeshifter)
  3 ice devils
  7 komodo dragons
  3 hellions (Pan)
  15 demonic crawlers (Pan)
  8 hellwings
  An anaconda simulacrum (Hell)
  9 ancient zymes
  5 red devils
  A merfolk (shapeshifter) (Vaults:5)
  A silent spectre (Abyss:1)
  13 guardian mummies
  5 tengu conjurers
  3 trolls (shapeshifter)
  29 merfolk
  4 wind drakes
  A meliai (shapeshifter) (Depths:4)
  A jumping spider (shapeshifter) (Vaults:5)
  5 hornets
  A death drake skeleton (Crypt:2)
  A queen bee (shapeshifter) (Depths:2)
  9 trolls
  A harpy zombie (Crypt:2)
  A hydra zombie (Hell)
  A wind drake (shapeshifter) (Vaults:3)
  A hornet (shapeshifter) (Vaults:1)
  21 raiju
  11 blink frogs
  5 polar bears
  83 slime creatures
  A human simulacrum (Vaults:1)
  7 saltlings
  2 hydra skeletons
  An alligator zombie (Hell)
  A moth of wrath zombie (Crypt:2)
  14 hippogriffs
  5 air elementals
  An ettin zombie (Hell)
  A frost giant simulacrum (Hell)
  19 dream sheep
  13 snapping turtles
  11 shadows
  A redback (shapeshifter) (Vaults:5)
  A spriggan (shapeshifter) (Elf:1)
  66 flying skulls
  2 centaur simulacra (D:15)
  85 starcursed masses
  An ice dragon zombie (Hell)
  28 ynoxinuls
  An alligator skeleton (Pan)
  An orc simulacrum (Vaults:1)
  4 vampires
  A black mamba zombie (Hell)
  2 tarantellas (shapeshifter)
  A fire dragon skeleton (Pan)
  2 ushabtiu (Tomb:1)
  A human (D:8)
  20 yaks
  11 wraiths
  3 golden eyes
  14 fire elementals
  2 basilisks
  24 water elementals
  7 hogs
  5 wyverns
  4 hungry ghosts
  21 chaos spawn
  A catoblepas simulacrum (Abyss:2)
  A gelid demonspawn zombie (Crypt:2)
  15 neqoxecs
  12 spatial vortices
  A steam dragon (shapeshifter) (Depths:5)
  61 nagas
  An insubstantial wisp (Abyss:1)
  A soldier ant (shapeshifter) (Elf:3)
  11 wargs
  8 soldier ants
  56 large abominations
  A hydra simulacrum (Crypt:3)
  2 hell hounds (Snake:2)
  An acid dragon (Vaults:2)
  3 floating eyes
  7 water moccasins
  7 porcupines
  A gelid demonspawn skeleton (Crypt:1)
  51 orc warriors
  2 spiny frog skeletons
  9 eyes of draining
  A fire dragon simulacrum (Crypt:1)
  24 ice beasts
  3 sky beasts
  A black bear (Lair:1)
  5 necrophages
  25 boggarts
  The ghost of Sassenached the Firebug, an amateur OgFE (D:3)
  3 phantoms
  41 ogres
  40 centaurs
  An elephant skeleton (Crypt:1)
  An elf skeleton (Vaults:2)
  43 small abominations
  A torpor snail zombie (Crypt:1)
  16 wolves
  A swamp dragon skeleton (Pan)
  15 crocodiles
  2 human zombies (Vaults:2)
  A hippogriff zombie (Crypt:1)
  A bullfrog (shapeshifter) (Depths:2)
  5 big kobolds
  4 earth elementals
  2 elf zombies (Elf:1)
  A spiny frog simulacrum (Abyss:3)
  A wyvern zombie (D:12)
  20 bullfrogs
  A cyclops zombie (Crypt:2)
  A queen bee zombie (Crypt:1)
  A water moccasin zombie (D:12)
  A wyvern skeleton (Crypt:2)
  6 scorpions
  A polar bear zombie (Crypt:1)
  8 killer bees
  A spriggan skeleton (Pan)
  9 wights
  2 howler monkeys (D:4)
  5 electric eels
  4 lava snakes
  7 crimson imps
  3 jellies
  3 quasits (Abyss:1)
  7 iron imps
  9 hounds
  2 centaur skeletons
  5 bullfrog skeletons
  28 orc priests
  Crazy Yiuf (D:3)
  14 human skeletons
  Terence (D:2)
  3 iguanas
  24 orc wizards
  19 worker ants
  A worker ant (shapeshifter) (Vaults:5)
  7 hell rats (Lair:5)
  A killer bee zombie (D:10)
  A sky beast zombie (Crypt:1)
  A dwarf skeleton (Crypt:2)
  17 mummies
  A hound skeleton (D:5)
  7 gnolls
  A howler monkey skeleton (D:4)
  18 adders
  5 shadow imps
  8 white imps
  10 ufetubi
  2 oozes
  An adder zombie (D:5)
  An adder skeleton (D:4)
  A worm (D:2)
  5 ball lightnings (Depths:3)
  A barachi skeleton (Crypt:2)
  A dart slug (D:3)
  2 leopard geckos
  120 orcs
  7 bats
  7 goblins
  7 hobgoblins
  12 jackals
  A quokka (D:6)
  A ball python (D:4)
  5 frilled lizards
  31 kobolds
  A leopard gecko skeleton (D:4)
  2 orc skeletons
  A quokka skeleton (D:5)
  A quokka zombie (Crypt:1)
  9 rats
  A spectral orc (Crypt:3)
  4 fungi (Orc:2)
  10 pillars of salt (Vaults:3)
  9 plants
  11 starspawn tentacles
  3 tentacles
3456 creatures vanquished.

Vanquished Creatures (others)
  2 deep elf master archers (Elf:3)
  A stone giant (Vaults:4)
  3 centaur warriors
  25 dancing weapons
  A deep elf knight (Elf:2)
  2 deep elf archers
  A deep elf mage (Elf:2)
  A salamander (Depths:4)
  3 cyclopes
  An ugly thing (Vaults:4)
  3 yaktaurs
  A water elemental (Shoals:2)
  A sky beast (D:14)
  3 centaurs (D:14)
  2 killer bees (D:13)
  2 bushes (Shoals:3)
  21 fungi
  A lurking horror (Abyss:1)
  13 plants
  42 starspawn tentacles
  9 tentacles
138 creatures vanquished.

Grand Total: 3594 creatures vanquished

Notes
Turn   | Place    | Note
-------+----------+-------------------------------------------
     0 | D:1      | Hasart the Vampire Earth Elementalist began the quest for
                  | the Orb.
     0 | D:1      | Reached XP level 1. HP: 13/13 MP: 3/3
   521 | D:1      | Reached XP level 2. HP: 19/19 MP: 5/5
   613 | D:2      | Found a blossoming altar of Fedhas.
   767 | D:2      | Reached skill level 4 in Earth Magic
   767 | D:2      | Reached XP level 3. HP: 22/24 MP: 2/6
  1075 | D:2      | Reached XP level 4. HP: 22/30 MP: 5/8
  1167 | D:2      | Noticed Terence
  1244 | D:2      | Killed Terence
  1519 | D:2      | Learned a level 3 spell: Stone Arrow
  1859 | D:3      | Reached skill level 5 in Earth Magic
  1859 | D:3      | Reached XP level 5. HP: 29/36 MP: 3/9
  2067 | D:3      | Reached skill level 1 in Fighting
  2232 | D:3      | Found a faded altar of an unknown god.
  2238 | D:3      | Found a runed translucent gate.
  2239 | D:3      | Found a runed translucent gate.
  2239 | D:3      | Noticed Sassenached's ghost (amateur OgFE)
  2240 | D:3      | Found a runed translucent gate.
  2241 | D:3      | Identified the +6 whip of Immorality {venom, Int+4 Dex+2}
  2507 | D:3      | Reached XP level 6. HP: 43/43 MP: 7/11
  2558 | D:3      | Found a runed translucent door.
  2559 | D:3      | Noticed Crazy Yiuf
  2797 | D:3      | Killed Crazy Yiuf
  3065 | D:4      | Reached skill level 6 in Earth Magic
  3243 | D:4      | Reached XP level 7. HP: 46/50 MP: 0/12
  3352 | D:4      | Found a basalt altar of Yredelemnul.
  3803 | D:5      | Entered Level 5 of the Dungeon
  3803 | D:5      | Noticed a hungry ghost
  3806 | D:5      | Found Aputoot's Assorted Antiques.
  3810 | D:5      | Killed a hungry ghost
  3820 | D:5      | Reached skill level 7 in Earth Magic
  3913 | D:5      | Reached XP level 8. HP: 51/58 MP: 7/14
  4172 | D:5      | Found a sacrificial altar of Ru.
  4173 | D:5      | Found a shimmering blue altar of Sif Muna.
  4229 | D:5      | Reached skill level 1 in Maces & Flails
  4229 | D:5      | Reached skill level 1 in Evocations
  4323 | D:5      | Reached skill level 5 in Spellcasting
  4330 | D:5      | Reached skill level 8 in Earth Magic
  5184 | D:6      | Reached XP level 9. HP: 49/63 MP: 17/17
  5350 | D:6      | Found a sparkling altar of Nemelex Xobeh.
  5350 | D:6      | Found an ancient bone altar of Kikubaaqudgha.
  5464 | D:6      | Found a staircase to the Ecumenical Temple.
  5472 | Temple   | Entered the Ecumenical Temple
  5510 | Temple   | Became a worshipper of Gozag Ym Sagoz the Greedy
  5932 | D:7      | Found Diwau's Jewellery Shop.
  6039 | D:7      | Found a burning altar of Makhleb.
  6316 | D:7      | Found a hazy altar of Hepliaklqana.
  6490 | D:5      | Bought a notched bronze ring for 115 gold pieces
  6490 | D:5      | Bought a scroll labeled WELAFIESUZ for 23 gold pieces
  6490 | D:5      | Bought a scroll labeled NIUH DEH FAON for 23 gold pieces
  6490 | D:5      | Bought a scroll labeled PEKKEDIPIPO for 23 gold pieces
  6490 | D:5      | Bought a scroll labeled PEKKEDIPIPO for 23 gold pieces
  6490 | D:5      | Bought a scroll labeled YLEHARPHI MUCAE for 23 gold pieces
  6524 | D:5      | Identified a scroll of acquirement
  6617 | D:8      | Reached skill level 9 in Earth Magic
  7018 | D:8      | Reached skill level 10 in Earth Magic
  7346 | D:8      | Got a steaming scale mail
  7347 | D:8      | Identified the +4 scale mail of Distant Worlds {Slay+3}
                  | (You found it on level 8 of the Dungeon)
  7650 | D:9      | Reached skill level 1 in Conjurations
  7653 | D:9      | Reached XP level 10. HP: 57/70 MP: 14/19
  8056 | D:9      | Found a bloodstained altar of Trog.
  8082 | D:9      | Found a staircase to the Lair.
  8139 | D:9      | Reached skill level 5 in Evocations
  8590 | D:9      | Noticed a white ugly thing
  8598 | D:9      | Killed a white ugly thing
  8857 | D:10     | Entered Level 10 of the Dungeon
  9110 | D:10     | Noticed a two-headed ogre
  9129 | D:10     | Killed a two-headed ogre
  9129 | D:10     | Reached skill level 11 in Earth Magic
  9182 | D:10     | Learned a level 5 spell: Lee's Rapid Deconstruction
  9315 | D:10     | Reached XP level 11. HP: 42/75 MP: 17/22
  9512 | D:10     | Reached skill level 5 in Conjurations
 10223 | D:11     | Paralysed by a hornet for 2 turns
 10761 | D:11     | Noticed a brown ugly thing
 10771 | D:11     | Killed a red ugly thing
 11402 | Lair:1   | Entered Level 1 of the Lair of Beasts
 11766 | Lair:1   | Found a runed translucent gate.
 11766 | Lair:1   | Found a runed translucent gate.
 11766 | Lair:1   | Found a runed translucent gate.
 11769 | Lair:1   | Noticed manon's ghost (novice DsCK)
 11769 | Lair:1   | Noticed SeryemOne's ghost (journeyman GnWz)
 11778 | Lair:1   | Noticed SeryemCrawls's ghost (journeyman GnWz)
 11779 | Lair:1   | Noticed TheNamelessOne's ghost (journeyman OpFE)
 11780 | Lair:1   | Noticed Setanta's ghost (journeyman GnFi)
 12268 | Lair:1   | Got an encrusted rapier
 12269 | Lair:1   | Identified the cursed +0 rapier of Wounding {pierce, rN+}
                  | (You found it on level 1 of the Lair of Beasts)
 13118 | Lair:2   | Noticed a catoblepas
 13144 | Lair:2   | Killed a catoblepas
 13316 | Lair:2   | Noticed a four-headed hydra
 13322 | Lair:2   | Killed a four-headed hydra
 13322 | Lair:2   | Reached skill level 1 in Shields
 13322 | Lair:2   | Reached XP level 12. HP: 28/64 MP: 11/24
 13728 | Lair:2   | Reached skill level 5 in Maces & Flails
 14237 | Lair:2   | Found a staircase to the Snake Pit.
 14605 | Lair:2   | Found a staircase to the Shoals.
 14770 | Lair:1   | Bought the +4 moon troll leather armour {Spirit, Regen++
                  | MP+5} for 763 gold pieces
 14770 | Lair:1   | Found the +4 moon troll leather armour {Spirit, Regen++
                  | MP+5}
 15368 | Lair:3   | Reached skill level 12 in Earth Magic
 15397 | Lair:3   | Noticed a death yak
 15397 | Lair:3   | Noticed a death yak
 15397 | Lair:3   | Noticed a death yak
 15417 | Lair:3   | Killed a death yak
 15523 | Lair:2   | Killed a death yak
 15857 | Lair:3   | Killed a death yak
 16585 | Lair:4   | Noticed a four-headed hydra
 16602 | Lair:4   | Killed a four-headed hydra
 16739 | Lair:4   | Identified the Reference Book on Beguiling
 16895 | Lair:4   | Found a transporter.
 17760 | Lair:4   | Found a transporter.
 17877 | Lair:4   | Reached XP level 13. HP: 42/68 MP: 19/26
 18032 | Lair:4   | Got a pair of transparent gloves
 18033 | Lair:4   | Identified the +2 pair of gloves of the Peasants {-Cast
                  | Str+3 Stlth+} (You found it on level 4 of the Lair of
                  | Beasts)
 18436 | Lair:4   | Reached skill level 10 in Spellcasting
 18562 | Lair:4   | Gained mutation: You have large cloven feet. [potion of
                  | mutation]
 18562 | Lair:4   | Gained mutation: You have hoof-like feet. [potion of
                  | mutation]
 18693 | Lair:5   | Reached skill level 5 in Shields
 19518 | Lair:4   | Reached skill level 13 in Earth Magic
 19727 | Lair:5   | Found a staircase to the Slime Pits.
 20644 | Lair:6   | Entered Level 6 of the Lair of Beasts
 22146 | Lair:6   | Bought a +1 helmet of intelligence for 264 gold pieces
 22542 | Lair:6   | Learned a level 5 spell: Borgnjor's Vile Clutch
 22794 | Lair:6   | Noticed a dire elephant
 22845 | Lair:6   | Noticed a dire elephant
 22925 | Lair:6   | Noticed a dire elephant
 23009 | Lair:6   | Noticed a dire elephant
 23016 | Lair:6   | Killed a dire elephant
 23016 | Lair:6   | Reached skill level 1 in Necromancy
 23170 | Lair:6   | Killed a dire elephant
 23413 | Lair:6   | Noticed a dire elephant
 23413 | Lair:6   | Noticed a dire elephant
 23863 | Lair:6   | Killed a dire elephant
 24205 | Lair:6   | Killed a dire elephant
 24428 | Lair:6   | Killed a dire elephant
 24428 | Lair:6   | Reached skill level 14 in Earth Magic
 24623 | Lair:6   | Killed a dire elephant
 24623 | Lair:6   | Reached XP level 14. HP: 74/74 MP: 5/29
 25475 | D:12     | Reached skill level 1 in Polearms
 25552 | D:12     | Noticed Nergalle
 25561 | D:12     | Killed Nergalle
 26020 | D:12     | Found a staircase to the Orcish Mines.
 26160 | D:12     | Noticed Kirke
 26274 | D:12     | Noticed Frances
 26482 | D:12     | Killed Kirke
 26707 | D:12     | Killed Frances
 26707 | D:12     | Reached skill level 5 in Dodging
 26970 | D:12     | Noticed an entropy weaver
 26973 | D:12     | Noticed an entropy weaver
 26980 | D:12     | Killed an entropy weaver
 26981 | D:12     | Killed an entropy weaver
 27136 | D:12     | Noticed Erolcha
 27142 | D:12     | Killed Erolcha
 27446 | Orc:1    | Entered Level 1 of the Orcish Mines
 27494 | Orc:1    | Found a frozen archway.
 27598 | IceCv    | Entered an ice cave
 28130 | IceCv    | Got a heavily runed bone ring
 28153 | IceCv    | Identified the ring of Sedgh {+Inv Stlth-} (You found it in
                  | an ice cave)
 28425 | Orc:1    | Reached skill level 5 in Necromancy
 28438 | Orc:1    | Reached skill level 15 in Earth Magic
 28616 | Orc:1    | Noticed Erica
 28903 | Orc:1    | Found Weostrut's Jewellery Shoppe.
 28920 | Orc:1    | Bought an uncursed ring of wizardry for 450 gold pieces
 29001 | Orc:2    | Entered Level 2 of the Orcish Mines
 29009 | Orc:1    | Killed Erica
 29412 | Orc:2    | Found a staircase to the Elven Halls.
 29414 | Orc:2    | Found Egebapp's Antique Armour Shoppe.
 29436 | Orc:2    | Noticed an orc warlord
 29828 | Orc:2    | Killed an orc warlord
 29828 | Orc:2    | Reached XP level 15. HP: 98/98 MP: 1/31
 30113 | Orc:2    | Found Cosel's Jewellery Emporium.
 30157 | Orc:2    | Bought an ancient hat for 279 gold pieces
 30157 | Orc:2    | Identified the +2 hat "Zoarakyoga" {rN+ MR+} (You bought it
                  | in a shop on level 2 of the Orcish Mines)
 30316 | Orc:2    | Found Middewe's General Store.
 30344 | Orc:2    | Found Coruhiku's Armour Boutique.
 30412 | Orc:2    | Reached skill level 1 in Armour
 30684 | Orc:2    | Found a gateway to a bazaar.
 30698 | Bazaar   | Entered a bazaar
 30698 | Bazaar   | Found Xupsy's Book Shop.
 30700 | Bazaar   | Found Kagejissu's Antique Armour Shop.
 30713 | Bazaar   | Found Juiq's Gadget Shop.
 30758 | Bazaar   | Found Weikkeic's Weapon Shop.
 30776 | Bazaar   | Bought a book of Minor Magic for 160 gold pieces
 30776 | Bazaar   | Bought a book of Burglary for 600 gold pieces
 30782 | Bazaar   | Bought a runed buckler for 135 gold pieces
 30844 | Orc:2    | Found Rill's General Store.
 30881 | Orc:2    | Bought a scroll of enchant weapon for 82 gold pieces
 30881 | Orc:2    | Bought a scroll of teleportation for 33 gold pieces
 30881 | Orc:2    | Bought a scroll of amnesia for 38 gold pieces
 30881 | Orc:2    | Bought the ring of Olecelle {Str+5 Int+4 Dex+4 SInv} for
                  | 628 gold pieces
 30981 | Orc:2    | Found Abrig's Book Boutique.
 30989 | Orc:2    | Bought a book of the Earth for 845 gold pieces
 30996 | Orc:2    | Learned a level 6 spell: Iron Shot
 30999 | Orc:2    | Learned a level 2 spell: Blink
 31002 | Orc:2    | Learned a level 2 spell: Swiftness
 31007 | Orc:2    | Learned a level 4 spell: Passage of Golubria
 31017 | Orc:2    | Learned a level 9 spell: Shatter
 31106 | Orc:2    | Found Mootaar's Antique Weapon Boutique.
 31143 | Orc:2    | Bought 2 scrolls of enchant armour for 165 gold pieces
 31153 | Orc:2    | Bought a brightly glowing bardiche for 476 gold pieces
 31153 | Orc:2    | Identified the cursed +1 bardiche "Foicle" {freeze, Dex+5}
                  | (You bought it in a shop on level 2 of the Orcish Mines)
 31423 | D:13     | Noticed Rupert
 31441 | D:13     | Killed Rupert
 31689 | D:13     | Noticed Jorgrun
 31697 | D:13     | Killed Jorgrun
 33291 | D:14     | Reached skill level 16 in Earth Magic
 33648 | D:14     | Noticed Snorg
 33654 | D:14     | Killed Snorg
 33763 | D:14     | Noticed Agnes
 33774 | D:14     | Killed Agnes
 34024 | D:14     | Reached skill level 5 in Armour
 34390 | D:14     | Found a gate to the Vaults.
 34478 | D:15     | Entered Level 15 of the Dungeon
 34677 | D:15     | Found Yfeim's Changing Room.
 34686 | D:15     | Found a flickering gateway to a bazaar.
 34695 | Bazaar   | Entered a bazaar
 34695 | Bazaar   | Found Meixirr's General Store.
 34695 | Bazaar   | Found Paebemoz's Antique Weapon Shop.
 34720 | Bazaar   | Found Wehaun Nuoli's Antique Armour Shop.
 34767 | Bazaar   | Bought a steaming hand axe for 280 gold pieces
 34767 | Bazaar   | Bought a shimmering scythe for 280 gold pieces
 34767 | Bazaar   | Identified the +2 scythe of Day {flame, rF+ Stlth+} (You
                  | bought it in a shop in a bazaar)
 34768 | Bazaar   | Identified the +4 hand axe of Koxaysab {freeze, Fragile
                  | rN++ Stlth+} (You bought it in a shop in a bazaar)
 35115 | D:15     | Reached XP level 16. HP: 104/104 MP: 8/32
 36595 | D:15     | Found a staircase to the Depths.
 36724 | Elf:1    | Entered Level 1 of the Elven Halls
 36832 | Elf:1    | Reached skill level 17 in Earth Magic
 37934 | Elf:1    | Identified the Grimoire of Unholy Secrets
 38112 | Elf:1    | Found a portal to a secret trove of treasure.
 39353 | Elf:2    | Reached skill level 10 in Necromancy
 39884 | Elf:2    | Reached skill level 18 in Earth Magic
 40196 | Elf:2    | Found Jedesy Ysmo's Jewellery Boutique.
 40410 | Elf:2    | Found a runed translucent gate.
 40410 | Elf:2    | Found a runed translucent gate.
 40411 | Elf:2    | Found a runed translucent gate.
 40475 | Elf:2    | Reached XP level 17. HP: 109/109 MP: 26/34
 40641 | Elf:2    | Noticed a deep elf blademaster
 40649 | Elf:2    | Killed a deep elf blademaster
 41926 | Elf:3    | Entered Level 3 of the Elven Halls
 42612 | Elf:3    | Reached skill level 19 in Earth Magic
 43224 | Elf:3    | Noticed a deep elf blademaster
 43230 | Elf:3    | Killed a deep elf blademaster
 43230 | Elf:3    | Noticed a deep elf blademaster
 43238 | Elf:2    | Killed a deep elf blademaster
 43414 | Elf:3    | Noticed a deep elf master archer
 43417 | Elf:3    | Killed a deep elf master archer
 43417 | Elf:3    | Noticed a deep elf blademaster
 43425 | Elf:2    | Killed a deep elf blademaster
 44107 | Elf:3    | Identified the +3 spear "Qan Ceyf" {pierce, *Corrode +Fly
                  | Dex+2}
 44122 | Elf:3    | Identified the +8 great sword "Lara Poug" {venom, rPois}
 44131 | Elf:3    | Noticed a deep elf master archer
 44313 | Elf:3    | Identified the +6 chain mail "Touki" {rElec rF+ Stlth+}
 44313 | Elf:3    | Noticed a deep elf master archer
 44319 | Elf:3    | Killed a deep elf master archer
 44612 | Elf:3    | Killed a deep elf master archer
 44743 | Elf:3    | Reached skill level 20 in Earth Magic
 44743 | Elf:3    | Reached XP level 18. HP: 115/115 MP: 4/36
 44906 | Elf:3    | Identified the +9 dagger "Impslayer" {drain, +Blink MR+
                  | Str-4 Dex+5}
 44917 | Elf:3    | Identified the cursed +0 chain mail of Conscience {rF+ rC+
                  | rN+ Int+4}
 44921 | Elf:3    | Reached skill level 15 in Spellcasting
 44939 | Elf:3    | Reached skill level 1 in Long Blades
 45596 | Elf:3    | Got a shimmering eveningstar
 45597 | Elf:3    | Identified the +9 eveningstar of the Original Sin {freeze,
                  | *Slow rPois rF+ rC++} (You found it on level 3 of the Elven
                  | Halls)
 46032 | Shoals:1 | Entered Level 1 of the Shoals
 46285 | Lair:2   | Bought a pair of ichor-stained gloves for 285 gold pieces
 46285 | Lair:2   | Bought a pair of faintly humming gloves for 285 gold pieces
 46285 | Lair:2   | Identified the cursed +0 pair of gloves of Activism
                  | {*Contam rPois Int+4 Dex+3} (You bought it in a shop on
                  | level 2 of the Lair of Beasts)
 46286 | Lair:2   | Identified the +0 pair of gloves of the Lily {*Slow rPois
                  | Regen+ Int-5} (You bought it in a shop on level 2 of the
                  | Lair of Beasts)
 47175 | Shoals:1 | Found Marivvud's Armour Shop.
 47566 | Shoals:1 | Noticed Louise
 47579 | Shoals:1 | Killed Louise
 48021 | D:3      | Killed Sassenached's ghost
 48251 | Lair:1   | Killed SeryemCrawls's ghost
 48289 | Lair:1   | Killed manon's ghost
 48367 | Lair:1   | Killed SeryemOne's ghost
 48486 | Lair:1   | Killed TheNamelessOne's ghost
 48498 | Lair:1   | Killed Setanta's ghost
 48593 | Lair:1   | Identified the Grimoire of the Lucky Entourage
 50359 | Shoals:2 | Reached skill level 5 in Fighting
 51262 | Shoals:3 | Noticed Ilsuiw
 51266 | Shoals:3 | Killed Ilsuiw
 51829 | Shoals:3 | Noticed Aizul
 51835 | Shoals:3 | Killed Aizul
 52102 | Shoals:3 | Noticed Polyphemus
 52124 | Shoals:3 | Reached skill level 5 in Long Blades
 52139 | Shoals:3 | Killed Polyphemus
 52363 | Shoals:3 | Found Lahorch's Assorted Antiques.
 52366 | Shoals:3 | Bought a potion of heal wounds for 170 gold pieces
 52366 | Shoals:3 | Bought 3 scrolls of blinking for 765 gold pieces
 52579 | Shoals:4 | Entered Level 4 of the Shoals
 53236 | Shoals:4 | Found an opulent altar of Gozag.
 53249 | Shoals:4 | Reached skill level 21 in Earth Magic
 53249 | Shoals:4 | Reached XP level 19. HP: 129/129 MP: 37/38
 54350 | Shoals:4 | Got a barnacled rune of Zot
 54528 | Shoals:4 | Identified the +9 dagger of Eternal Vigilance {freeze,
                  | rElec rPois rN+ MR-}
 54587 | Shoals:4 | Noticed Donald
 54601 | Shoals:4 | Killed Donald
 55080 | Shoals:4 | Got a twitching amber ring
 55081 | Shoals:4 | Identified the ring of Free Expression {rC+ SInv} (You
                  | found it on level 4 of the Shoals)
 55745 | Snake:1  | Entered Level 1 of the Snake Pit
 57615 | Snake:2  | Noticed Vashnia
 58233 | Snake:2  | Killed Vashnia
 58382 | Snake:2  | Noticed Saint Roka
 58679 | Snake:2  | Noticed Azrael
 58696 | Snake:2  | Killed Azrael
 59049 | Snake:2  | Killed Saint Roka
 59049 | Snake:2  | Reached skill level 22 in Earth Magic
 60535 | Snake:3  | Reached XP level 20. HP: 111/111 MP: 35/40
 61170 | Snake:3  | Found a shimmering altar of Xom.
 61256 | Snake:4  | Entered Level 4 of the Snake Pit
 63285 | Snake:4  | Reached skill level 23 in Earth Magic
 65552 | Snake:4  | Got a serpentine rune of Zot
 66048 | Vaults:1 | Entered Level 1 of the Vaults
 67765 | Vaults:2 | Reached XP level 21. HP: 140/144 MP: 33/42
 67821 | Vaults:2 | Reached skill level 24 in Earth Magic
 68852 | Elf:2    | Bought the ring "Iclimpew" {rF++ rC+ AC+3 Dex+7} for 1008
                  | gold pieces
 69076 | Depths:1 | Entered Level 1 of the Depths
 70590 | Lair:2   | Bought a pair of runed boots for 225 gold pieces
 70595 | Lair:2   | Identified a +1 pair of boots of running (You bought it in
                  | a shop on level 2 of the Lair of Beasts)
 70885 | Vaults:2 | Found a staircase to the Crypt.
 71611 | Vaults:2 | Found a large runed translucent door.
 71611 | Vaults:2 | Found a large runed translucent door.
 71611 | Vaults:2 | Noticed Zonian's ghost (adept HOFi)
 71611 | Vaults:2 | Noticed tamionv's ghost (adept GrFi)
 72060 | Vaults:3 | Found a ruined gateway.
 72070 | Desolati | Entered the Desolation of Salt
 72938 | Vaults:3 | Noticed Jory
 73143 | Vaults:3 | Killed Jory
 73143 | Vaults:3 | Reached XP level 22. HP: 65/154 MP: 1/44
 73311 | Vaults:3 | Reached skill level 25 in Earth Magic
 73479 | Vaults:3 | Noticed Asterion
 73486 | Vaults:3 | Killed Asterion
 73630 | Vaults:3 | Found a runed translucent gate.
 73631 | Vaults:3 | Found a runed translucent gate.
 73632 | Vaults:3 | Found a runed translucent gate.
 73637 | Vaults:3 | Identified the +3 scale mail of the Salamander {+Inv}
 73638 | Vaults:3 | Noticed howech's ghost (veteran MiGl)
 73703 | Vaults:3 | Found an iron altar of Okawaru.
 74109 | Vaults:3 | Identified the Reference Book on Protection
 77324 | Vaults:4 | Bought a slimy leather armour for 175 gold pieces
 77324 | Vaults:4 | Identified the +3 leather armour of Moral Flaws {rF+ Str+2
                  | Dex+4 SInv} (You bought it in a shop on level 4 of the
                  | Vaults)
 78290 | Crypt:1  | Entered Level 1 of the Crypt
 78290 | Crypt:1  | Noticed Khufu
 78290 | Crypt:1  | Noticed a greater mummy
 78290 | Crypt:1  | Noticed a greater mummy
 78293 | Crypt:1  | Killed Khufu
 78298 | Vaults:2 | Killed a greater mummy
 78459 | Crypt:1  | Killed a greater mummy
 79245 | Crypt:1  | Learned a level 8 spell: Ignition
 79572 | Crypt:1  | Reached skill level 10 in Fighting
 79572 | Crypt:1  | Reached skill level 1 in Fire Magic
 79682 | Crypt:1  | Noticed an ancient lich
 79708 | Crypt:1  | Found a runed translucent gate.
 79708 | Crypt:1  | Noticed Roocroe's ghost (veteran MiGl)
 79709 | Crypt:1  | Found a runed translucent gate.
 79709 | Crypt:1  | Found an ancient bone altar of Kikubaaqudgha.
 79710 | Crypt:1  | Found a runed translucent gate.
 80629 | D:10     | Bought a manual of Dodging for 1104 gold pieces
 80872 | Crypt:2  | Reached XP level 23. HP: 127/127 MP: 31/45
 80951 | Crypt:2  | Learned a level 2 spell: Ensorcelled Hibernation
 81305 | Crypt:2  | Reached skill level 1 in Ice Magic
 82001 | Crypt:3  | Entered Level 3 of the Crypt
 83435 | Crypt:3  | Found an ancient bone altar of Kikubaaqudgha.
 83952 | Crypt:3  | Got a warped tin ring
 83952 | Crypt:3  | Got a vibrating wooden ring
 83957 | Crypt:3  | Identified the ring "Taerph" {rN+ Slay+3} (You found it on
                  | level 3 of the Crypt)
 83958 | Crypt:3  | Identified the ring of the Salamander {rN+ Int+9} (You
                  | found it on level 3 of the Crypt)
 84831 | Crypt:3  | Reached skill level 5 in Ice Magic
 84833 | Crypt:3  | Found a staircase to the Tomb.
 85697 | Elf:1    | You paid a toll of a +7 demon whip to enter a treasure
                  | trove
 85698 | Trove    | Entered a treasure trove
 85704 | Trove    | Found the +8 demon trident "Rift" {distort, reach+}
 85711 | Trove    | Got a twitching diamond amulet
 85713 | Trove    | Got a wavering pewter ring
 85715 | Trove    | Got a coiled copper amulet
 85730 | Trove    | Identified the amulet "Toveunut" {RegenMP MR+ Str-5 Dex+5}
                  | (You found it in a treasure trove)
 85731 | Trove    | Identified the amulet of Cesuexui {rElec Regen+ Int+4
                  | Dex-2} (You found it in a treasure trove)
 85732 | Trove    | Identified the ring of Trepidation {Str+4 Int+5 Stlth+}
                  | (You found it in a treasure trove)
 85763 | Elf:1    | Bought a black book for 450 gold pieces
 85763 | Elf:1    | Bought a scroll of teleportation for 90 gold pieces
 85763 | Elf:1    | Bought a scroll of blinking for 225 gold pieces
 86149 | Tomb:1   | Entered Level 1 of the Tomb of the Ancients
 86594 | Vaults:5 | Entered Level 5 of the Vaults
 86906 | Vaults:5 | Reached skill level 10 in Armour
 86911 | Vaults:4 | Reached skill level 26 in Earth Magic
 87184 | Vaults:5 | Identified the ring of Nyosas {EV+5 Str+3 Stlth+}
 87293 | Vaults:5 | Identified the ring "Mynyri" {rF+ Str+3 Dex+8 Slay+1}
 87595 | Vaults:5 | Reached skill level 10 in Dodging
 87595 | Vaults:5 | Reached XP level 24. HP: 132/132 MP: 42/46
 87597 | Vaults:5 | Identified the ring "Noal" {Dex+3 Stlth+}
 88681 | Vaults:5 | Identified the +8 scimitar of Xuckoirph {protect, rN+ MR-
                  | Str+2 SInv}
 89004 | Vaults:5 | Noticed an ancient lich
 89109 | Vaults:5 | Killed an ancient lich
 89349 | Vaults:5 | Reached skill level 10 in Ice Magic
 89471 | Vaults:5 | Noticed an ancient lich
 89473 | Vaults:5 | Killed an ancient lich
 90046 | Vaults:5 | Got a silver rune of Zot
 90656 | Vaults:5 | Got a shimmering steel ring
 90657 | Vaults:5 | Identified the ring "Miywoetz" {Wiz rF+ Str+5} (You found
                  | it on level 5 of the Vaults)
 90668 | Vaults:5 | Got a shimmering war axe
 90669 | Vaults:5 | Identified the +10 war axe "Zoac" {drain, *Corrode Int+4
                  | SInv} (You found it on level 5 of the Vaults)
 92424 | Depths:1 | Found Sufuiwk's Book Shop.
 92471 | Depths:1 | Got a crude leather armour
 92472 | Depths:1 | Identified the +1 leather armour of Ukanitie {Int+4 Dex-5}
                  | (You found it on level 1 of the Depths)
 92507 | Depths:1 | Found a gateway to Hell.
 92610 | Depths:1 | Identified the +4 shadow dragon scales of the Evening Star
                  | {rElec Stlth++++}
 92610 | Depths:1 | Identified the ring of Arrival {Int+2 Stlth+}
 92615 | Depths:1 | Reached XP level 25. HP: 136/136 MP: 16/46
 93083 | Depths:1 | Found a shadowy altar of Dithmenos.
 93259 | Depths:1 | Found a gateway to a ziggurat.
 93305 | Depths:1 | Found a one-way gate leading to the halls of Pandemonium.
 94681 | Depths:2 | Found Jahepn's General Store.
 94689 | Depths:2 | Bought a scroll of teleportation for 51 gold pieces
 94698 | Depths:2 | Got a shimmering morningstar
 94699 | Depths:2 | Identified the cursed +0 morningstar of Edec {drain, rN+
                  | Str+3 SInv} (You found it on level 2 of the Depths)
 94887 | Depths:3 | Noticed mortelune's ghost (veteran GrFE)
 94887 | Depths:3 | Noticed an ancient lich
 94983 | Depths:3 | Found Yxoxauf's Assorted Antiques.
 95704 | Depths:3 | Identified the +10 shortbow "Cadeh" {venom, rPois rF- MP+9}
 95900 | Depths:3 | Found Fiufaman's Distillery.
 95905 | Depths:3 | Bought a potion of curing for 51 gold pieces
 95905 | Depths:3 | Bought a potion of heal wounds for 85 gold pieces
 95905 | Depths:3 | Bought a potion of curing for 51 gold pieces
 95905 | Depths:3 | Bought a potion of heal wounds for 85 gold pieces
 95911 | Depths:3 | Found a runed translucent door.
 95918 | Depths:3 | Found a runed translucent door.
 96792 | Depths:3 | Killed an ancient lich
 96983 | Depths:3 | Paralysed by a floating eye for 2 turns
 96985 | Depths:3 | Killed mortelune's ghost
 96999 | Depths:3 | Paralysed by a floating eye for 4 turns
 97315 | Depths:4 | Reached skill level 10 in Shields
 98050 | Depths:4 | Noticed Sojobo
 98277 | Depths:3 | Killed Sojobo
 98277 | Depths:3 | Reached XP level 26. HP: 141/142 MP: 30/47
 98548 | Depths:4 | Found a one-way gate to the infinite horrors of the Abyss.
 99361 | Depths:4 | Reached skill level 10 in Conjurations
 99550 | Depths:4 | Got a faintly glowing mace
 99551 | Depths:4 | Identified the +7 mace "Axoudaf" {pain, rPois} (You found
                  | it on level 4 of the Depths)
 99729 | Depths:4 | Got a crude rapier
 99730 | Depths:4 | Identified the +8 rapier "Ultimatum" {pain, MR+ Str+3} (You
                  | found it on level 4 of the Depths)
 99734 | Depths:4 | Got a pair of brightly glowing gloves
 99735 | Depths:4 | Identified the +1 pair of gloves "Gatwiaz" {Int+5 Dex+6}
                  | (You found it on level 4 of the Depths)
 99886 | Depths:5 | Entered Level 5 of the Depths
 99886 | Depths:5 | Noticed a juggernaut
 99892 | Depths:5 | Killed a juggernaut
100470 | Depths:5 | Reached skill level 10 in Evocations
100799 | Depths:5 | Reached skill level 15 in Dodging
100992 | Depths:5 | Found a gate to the Realm of Zot.
101380 | Depths:5 | Noticed a juggernaut
101386 | Depths:5 | Killed a juggernaut
102079 | Depths:5 | Learned a level 5 spell: Dispel Undead
102739 | Zot:1    | Entered Level 1 of the Realm of Zot
102741 | Zot:1    | Noticed an ancient lich
102870 | Hell     | Entered the Vestibule of Hell
102870 | Hell     | Noticed Geryon
102881 | Hell     | Killed Geryon
102881 | Hell     | Reached skill level 27 in Earth Magic
103045 | Hell     | Reached skill level 15 in Ice Magic
103437 | Hell     | Reached XP level 27. HP: 140/147 MP: 40/47
104102 | Hell     | Found a gateway to the decaying netherworld of Tartarus.
104536 | Hell     | Found a gateway to the freezing wastes of Cocytus.
104692 | Hell     | Found a gateway to the ashen valley of Gehenna.
104800 | Hell     | Found a gateway to the Iron City of Dis.
104842 | Depths:5 | Bought a shadowed robe for 233 gold pieces
104842 | Depths:5 | Identified the +1 robe of Olupoa {Dex+5} (You bought it in
                  | a shop on level 5 of the Depths)
105332 | Tomb:1   | Noticed a greater mummy
105333 | Tomb:1   | Noticed a greater mummy
105334 | Tomb:1   | Noticed a greater mummy
105336 | Tomb:1   | Noticed a greater mummy
105338 | Tomb:1   | Noticed a greater mummy
105340 | Tomb:1   | Killed a greater mummy
105340 | Tomb:1   | Killed a greater mummy
105341 | Tomb:1   | Killed a greater mummy
105341 | Tomb:1   | Killed a greater mummy
105342 | Tomb:1   | Killed a greater mummy
105497 | Tomb:1   | Noticed a greater mummy
105500 | Tomb:1   | Noticed a greater mummy
105504 | Tomb:1   | Killed a greater mummy
105506 | Tomb:1   | Killed a greater mummy
105669 | Tomb:1   | Noticed a greater mummy
105674 | Tomb:1   | Killed a greater mummy
105675 | Tomb:1   | Noticed a greater mummy
105936 | Tomb:1   | Killed a greater mummy
105936 | Tomb:1   | Noticed a greater mummy
106100 | Tomb:1   | Killed a greater mummy
106704 | Tomb:1   | Got a steaming long sword
106705 | Tomb:1   | Identified the +3 long sword of the Hawk {flame, rElec MR+}
                  | (You found it on level 1 of the Tomb of the Ancients)
106787 | Tomb:1   | Noticed Mennas
106870 | Tomb:1   | Noticed a greater mummy
107132 | Tomb:1   | Killed a greater mummy
107604 | Tomb:1   | Killed Mennas
107760 | Tomb:1   | Noticed a greater mummy
107764 | Tomb:1   | Killed a greater mummy
107778 | Tomb:1   | Noticed a greater mummy
108019 | Tomb:1   | Noticed a greater mummy
108020 | Tomb:1   | Noticed a greater mummy
108023 | Tomb:1   | Killed a greater mummy
108024 | Tomb:1   | Killed a greater mummy
108204 | Tomb:1   | Killed a greater mummy
108661 | Tomb:2   | Noticed a greater mummy
108669 | Tomb:2   | Noticed an ancient lich
108671 | Tomb:2   | Killed an ancient lich
108714 | Tomb:2   | Noticed a greater mummy
108807 | Tomb:2   | Killed a greater mummy
108823 | Tomb:2   | HP: 6/153 [ancient champion/+2 great mace of draining (2)]
108839 | Tomb:1   | Noticed a greater mummy
109276 | Tomb:1   | Killed a greater mummy
109851 | Lair:2   | Bought a book of the Warp for 1530 gold pieces
109988 | D:5      | Fell from the grace of Gozag
109988 | D:5      | Became a worshipper of Sif Muna the Loreminder
110217 | Slime:1  | Entered Level 1 of the Pits of Slime
110863 | Depths:4 | Voluntarily entered the Abyss.
110866 | Abyss:1  | Found a corrupted altar of Lugonu.
111112 | Abyss:2  | Found a corrupted altar of Lugonu.
111259 | Abyss:2  | Reached * piety under Sif Muna
111320 | Abyss:2  | Learned a level 3 spell: Regeneration
111479 | Depths:4 | Escaped the Abyss
111565 | Depths:4 | Voluntarily entered the Abyss.
111583 | Abyss:1  | Found a corrupted altar of Lugonu.
111792 | Abyss:1  | Learned a level 2 spell: Sublimation of Blood
111934 | Abyss:1  | Reached ** piety under Sif Muna
111971 | Abyss:1  | Reached skill level 1 in Invocations
111996 | Depths:4 | Escaped the Abyss
112091 | Depths:4 | Voluntarily entered the Abyss.
112137 | Abyss:1  | Got a shimmering dagger
112138 | Abyss:1  | Identified the +6 dagger of Sunlight {pain, Int+3} (You
                  | found it on level 1 of the Abyss)
112175 | Abyss:1  | Found a corrupted altar of Lugonu.
112954 | Abyss:1  | Reached *** piety under Sif Muna
112982 | Depths:4 | Escaped the Abyss
113063 | Depths:4 | Voluntarily entered the Abyss.
113063 | Abyss:1  | Found a corrupted altar of Lugonu.
113133 | Abyss:1  | Found a corrupted altar of Lugonu.
113267 | Abyss:1  | Noticed an ancient lich
113270 | Abyss:1  | Killed an ancient lich
113518 | Abyss:1  | Reached **** piety under Sif Muna
113533 | Depths:4 | Escaped the Abyss
113576 | Depths:4 | Voluntarily entered the Abyss.
113615 | Abyss:1  | Found a corrupted altar of Lugonu.
114187 | Abyss:1  | Reached ***** piety under Sif Muna
114187 | Abyss:1  | Identified Sif Muna's Disquisition on Damaging Orientation
                  | (Sif Muna gifted it to you on level 1 of the Abyss)
114187 | Abyss:1  | Received a gift from Sif Muna
114869 | Abyss:3  | Found a shattered altar of Ashenzari.
114959 | Abyss:3  | Found an opulent altar of Gozag.
115097 | Abyss:3  | Identified Sif Muna's Reference Book on the Snowflakes and
                  | Conjuration (Sif Muna gifted it to you on level 3 of the
                  | Abyss)
115097 | Abyss:3  | Received a gift from Sif Muna
115101 | Abyss:3  | Gained mutation: You are dopey. (Int -2) [a cacodemon]
115349 | Abyss:3  | Reached skill level 5 in Invocations
115500 | Abyss:3  | Found a corrupted altar of Lugonu.
115503 | Abyss:3  | Got an abyssal rune of Zot
115557 | Depths:4 | Escaped the Abyss
115577 | Depths:4 | Voluntarily entered the Abyss.
115675 | Abyss:2  | Identified Sif Muna's Catalogue of Changing and Flames (Sif
                  | Muna gifted it to you on level 2 of the Abyss)
115675 | Abyss:2  | Received a gift from Sif Muna
115706 | Depths:4 | Escaped the Abyss
115760 | Depths:4 | Voluntarily entered the Abyss.
115761 | Abyss:1  | Found a corrupted altar of Lugonu.
116112 | Abyss:1  | Gained mutation: You are clumsy. (Dex -2) [a neqoxec]
116189 | Depths:4 | Escaped the Abyss
116966 | Slime:3  | Found a viscous altar of Jiyva.
117011 | Slime:4  | Received a gift from Sif Muna
117102 | Slime:3  | Learned a level 6 spell: Freezing Cloud
117745 | Slime:5  | Entered Level 5 of the Pits of Slime
118152 | Slime:4  | Was forgiven by Gozag
118758 | Slime:5  | Found a viscous altar of Jiyva.
118768 | Slime:5  | Found the +6 shillelagh "Devastator" {shatter}
118769 | Slime:5  | Found the +9 sword of Zonguldrok {reap}
118983 | Slime:5  | Noticed the Royal Jelly
119009 | Slime:5  | Killed the Royal Jelly
119206 | Slime:5  | Got a faintly humming robe
119207 | Slime:5  | Identified the +0 robe of the Land of Plenty {rF+ Int+5
                  | Dex-5} (You found it on level 5 of the Pits of Slime)
119227 | Slime:5  | Got a slimy rune of Zot
119244 | Slime:5  | Identified the Guide on Curses and Changing
119281 | Slime:5  | Learned a level 8 spell: Infestation
119679 | Pan      | Entered Pandemonium
119762 | Pan      | Received a gift from Sif Muna
120430 | Pan      | Gained mutation: Your body sometimes deteriorates upon
                  | taking damage. [a neqoxec]
120433 | Pan      | Gained mutation: You occasionally shout uncontrollably at
                  | your foes. [a neqoxec]
120486 | Pan      | Identified the ring of the Tarantula {Wiz Str+4}
120772 | Pan      | Noticed Isae the pandemonium lord
120786 | Pan      | Killed Isae the pandemonium lord
121637 | Pan      | Received a gift from Sif Muna
121673 | Pan      | Reached skill level 10 in Long Blades
121801 | Pan      | Reached skill level 15 in Necromancy
122256 | Pan      | Noticed Wyminof the pandemonium lord
122271 | Pan      | Killed Wyminof the pandemonium lord
122388 | Pan      | Identified the +3 demon blade of Woe {venom, +Inv Int+2}
122513 | Pan      | Found a runed translucent door.
122520 | Pan      | Found a runed translucent door.
122520 | Pan      | Found a runed translucent door.
122521 | Pan      | Found a runed translucent door.
122671 | Pan      | Identified Koker's Collected Works on Creative Snow (Sif
                  | Muna gifted it to you in Pandemonium)
122671 | Pan      | Received a gift from Sif Muna
123488 | Pan      | Noticed Divodor the pandemonium lord
123497 | Pan      | Entered the realm of Gloorx Vloq.
123596 | Pan      | Found an exit through the horrors of the Abyss.
123959 | Pan      | Noticed Gloorx Vloq
123973 | Pan      | Identified Qipraxah's Incunabulum of Harmful Lightness (Sif
                  | Muna gifted it to you in Pandemonium)
123973 | Pan      | Received a gift from Sif Muna
124105 | Pan      | Learned a level 8 spell: Lehudib's Crystal Spear
124960 | Pan      | HP: 7/198 [Executioner[Gloorx Vloq] (8)]
124960 | Pan      | HP: 1/198 [Executioner[Gloorx Vloq] (6)]
124960 | Pan      | Slain by an Executioner

Levels and vault maps discovered:
D:1:      minmay_arrival_arboretum_large, layout_loops_ring, minmay_heptomino_l4
D:2:      layout_basic, lemuel_round_altar, uniq_terence
D:3:      layout_rooms, gammafunk_ghost_nasty_kobolds, first_ration,
          chequers_ecumenical_altar_simple_redux, uniq_crazy_yiuf_cottage
D:4:      layout_basic, yredelemnul_altar_generic, minmay_ruptured
D:5:      layout_loops_ring, gammafunk_temple_overflow_statue, serial_shops,
          nicolae_shop_overgrown_old_shop
D:6:      layout_gridville, gammafunk_temple_overflow_pools, temple_fountains
D:7:      layout_loops_corners, bloody_makhleb, kennysheep_mini_moat,
          serial_shops, shop_fountains, corexii_corridor_pit
D:8:      layout_loops_ring, grunt_livestock, minmay_misc_feat_room
D:9:      layout_loops_ring, erik_lair_island, trog_book
D:10:     layout_loops_corners
D:11:     layout_loops_ring
D:12:     layout_irregular_city, hiddenorc2_lemuel, minmay_another_anthill,
          uniq_nergalle, uniq_kirke, uniq_erolcha, uniq_frances
D:13:     layout_loops_corners, uniq_rupert, uniq_jorgrun
D:14:     layout_roguey, hangedman_vaults_entry_quadrant_bands, nicolae_sextant,
          lightli_corner_chamber, uniq_agnes, uniq_snorg
D:15:     gammafunk_enter_depths_forms, layout_gridville, minivault_23,
          serial_ice, serial_ice_g, serial_ice_l, serial_ice_b, serial_ice_m,
          serial_ice_d, serial_ice_h, serial_shops, bzr_firewalk,
          nicolae_lava_and_water, nicolae_transmutations_shop
Temple:   nicolae_temple_great_sept
Lair:1:   layout_loops_ring, gammafunk_ghost_cemetery
Lair:2:   layout_regular_city, minmay_shoals_entry_hut,
          guppyfry_snake_entry_island, serial_rivers,
          chequers_serial_rivers_micro_c, chequers_serial_rivers_large_a,
          chequers_serial_rivers_room_b, chequers_serial_rivers_marsh,
          nzn_random_ring, serial_bayou_shore_a, infiniplex_staircase_pool,
          minmay_lair_oklob_chamber
Lair:3:   layout_loops_ring
Lair:4:   gammafunk_cloud_chamber, layout_regular_city, minivault_25,
          minmay_lindwurm_lava
Lair:5:   layout_cave_shapes, minmay_slime_entry_oklob_enclosed,
          chequers_serial_rivers_small_3
Lair:6:   due_jungle_book, layout_regular_city
Shoals:1: layout_shoals, serial_shops, nicolae_shop_trees, uniq_louise
Shoals:2: layout_shoals
Shoals:3: argonaut_golden_fleece, layout_shoals, nicolae_shoals_c_island,
          uniq_polyphemus, uniq_ilsuiw, uniq_aizul
Shoals:4: shoals_end_grunt_ice, layout_shoals, lemuel_centaur_altar, uniq_donald
Snake:1:  layout_chambers, grunt_megastairs_3
Snake:2:  layout_onion, uniq_saint_roka, uniq_vashnia, uniq_azrael
Snake:3:  skrybe_snakes_to_sticks, layout_rooms
Snake:4:  grunt_snake_rune_serpentine_throne, layout_cave_town,
          corexii_hall_statues_s, nicolae_snake_lava_pool, lemuel_fruit_tree
Slime:1:  layout_caves, cheibrodos_slime_lost_civilization_7
Slime:2:  layout_caves, nicolae_slime_round_cave
Slime:3:  layout_caves, basic_altar
Slime:4:  layout_caves
Slime:5
Orc:1:    layout_caves, serial_shops, shop, portal_ice_cave_entry_pillars_1,
          uniq_erica
Orc:2:    grunt_orc_gardens, layout_diamond_mine, grunt_orc_garden,
          grunt_orc_garden, grunt_orc_garden, grunt_orc_garden, serial_shops,
          statue_bzr, shop, nicolae_shop_waterfront, nicolae_shop_trees
Elf:1:    eino_elf_arrival_sip, layout_gridlike, enter_trove_6,
          minmay_elf_necromancy, serial_sigils_hangedman_snap
Elf:2:    layout_geoelf_diagonals, serial_shops, shop_statue,
          hangedman_corner_corridor
Elf:3:    minmay_elf_hall_furrowed, layout_loops_cross
Vaults:1: v_alt_pattern_1, hangedman_vaults_pinch, vaults_mumra_chevron,
          v_alt_pattern_6, v_misc_24, ontoclasm_vaults_gallery,
          vaults_dpeg_hooks, v_rooms_4, ontoclasm_vaults_spin,
          dpeg_vaults_monster_row, nicolae_vaults_diagonal_hallway_7,
          layout_vaults_omnibox
Vaults:2: advil_vaults_ghost_guards, hangedman_vaults_capsules,
          minmay_crypt_entry_simple_box, vaults_dpeg_doors,
          nicolae_vaults_holding_cells, grunt_vaults_trifunnel,
          nicolae_vaults_alarming, nicolae_vaults_diagonal_hallway_9,
          vaults_mumra_hexcomb, nicolae_vaults_yaktaur_gun_rack,
          vaults_room_stairs_pillars, vaults_room_fours, serial_ice_b,
          layout_vaults_ring
Vaults:3: gammafunk_vaults_ghost_fury_of_okawaru, v_pattern_4,
          nicolae_vaults_three_branches, grunt_vaults_hallway_long,
          nicolae_vaults_diagonal_hallway_8, vaults_mumra_minichess,
          hangedman_vaults_cutoff, st_hourglassy, v_misc_12, v_misc_11,
          v_misc_14, nicolae_vaults_little_squares_1, layout_vaults_omnicross,
          portal_desolation_entry_garden, uniq_jory, uniq_asterion
Vaults:4: hangedman_vaults_trim, nicolae_vaults_branching_niches, v_misc_26,
          vaults_room_grunt_arrival_checkpoint, nicolae_vaults_big_ls,
          nicolae_vaults_mini_display_case, layout_vaults_omnigrid
Vaults:5
Crypt:1:  layout_rooms, gammafunk_ghost_crypt, grunt_ministairs_15,
          moated_statue, grunt_crypt_arrival_webbed, uniq_khufu
Crypt:2:  layout_chaotic_city
Crypt:3:  grunt_crypt_end_deaths_head
Tomb:1:   uniq_mennas
Tomb:2
Depths:1: regret_index_dithmenos_brocken_genspenst, layout_cave_shapes,
          enter_ziggurat_a, serial_shops, nicolae_shop_statue_plus,
          pf_hell_entry_tar_river, grunt_pan_entry_sceptre,
          nrook_mini_backslash, minmay_protected_statue
Depths:2: kennysheep_big_flooded_room, layout_cave_pools, lightli_too_deep,
          serial_shops, nicolae_shop_stone, kennysheep_donut
Depths:3: minmay_bubble_buster, layout_basic, pan_entry, serial_shops,
          nicolae_shop_behind_doors, nicolae_shop_behind_doors, hell_entry,
          muffindrake_ghost_dual_entry, minmay_misc_feat_columns, st_stairs_8,
          infiniplex_staircase_zigzag_5
Depths:4: kennysheep_large_spiral, layout_cave_pools, rand_demon_pan_entry_5,
          minmay_misc_feat_roman, abyss_entry_small_statue_room, hell_entry,
          kennysheep_nondecorative_pillar, infiniplex_staircase_hallway_doors,
          uniq_sojobo
Depths:5: grunt_zot_entry_alcove, layout_basic, hell_entry, minivault_14,
          grunt_ministairs_8, serial_bayou_shore_b
Hell
Zot:1:    hangedman_zot_vaults_quadrants, layout_cathedral_of_symmetry,
          door_vault
Pan:      evilmike_mini_pan_V, layout_basic, pan_blood_fountain_small,
          rand_demon_7, layout_small_grid, pan_blood_fountain_small,
          evilmike_mini_pan_pillars_b, layout_pan_divisions_a
          [pan_division_quadrant_a4, pan_division_quadrant_a2,
          pan_division_quadrant_a1, pan_division_quadrant_a4,
          pan_division_octagon_halves], nicolae_pan_gloorx_vloqian_3,
          gloorx_vloq_grunt_torture_chamber, layout_grid_shapes

Skill      XL: |  1  2  3  4  5  6  7  8  9 10 11 12 13 14 15 16 17 18 19 20 21 22 23 24 25 26 27 |
---------------+----------------------------------------------------------------------------------+-----
Earth Magic    | 4 5 6 7 8 10 11 12 14 15 16 18 20 21 22 23 24 25 26 27 | 27.0
Spellcasting   | 3 4 5 6 7 8 9 11 12 13 14 15 16 17 18 19 20 22 | 22.3
Fighting       | 1 2 3 6 7 8 10 13 | 13.5
Dodging        | 3 4 6 10 13 14 15 | 15.0
Maces & Flails | 2 3 4 5 |  5.0
Evocations     | 2 4 5 7 8 9 10 11 | 11.0
Conjurations   | 1 4 6 8 9 10 13 | 13.4
Shields        | 1 4 5 7 8 10 11 14 | 14.8
Necromancy     | 2 5 8 10 15 | 15.4
Polearms       | 4 |  4.0
Armour         | 6 7 8 10 | 10.0
Long Blades    | 5 10 | 10.8
Fire Magic     | 1 |  1.8
Ice Magic      | 7 11 13 15 20 | 20.2
Invocations    | 8 |  8.7
Stealth        | |  3.0
Transmutations | |  1.1

Action                   |  1- 3 |  4- 6 |  7- 9 | 10-12 | 13-15 | 16-18 | 19-21 | 22-24 | 25-27 || total
-------------------------+-------+-------+-------+-------+-------+-------+-------+-------+-------++-------
Melee: Whip              |    42 |   125 |   214 |   533 |    41 |       |       |       |       ||   955
       Unarmed           |     1 |       |       |       |     5 |       |       |       |       ||     6
       Bite              |       |    11 |    20 |    56 |    64 |    69 |   132 |    85 |   427 ||   864
       Kick              |       |       |       |       |   153 |   173 |   245 |       |       ||   571
       Demon trident     |       |       |       |       |   593 |   283 |       |       |       ||   876
       Katana            |       |       |       |       |       |   217 |   651 |   301 |  1580 ||  2749
 Cast: Sandblast         |    21 |    46 |    98 |    85 |       |       |       |     1 |     6 ||   257
       Stone Arrow       |       |       |     9 |   179 |   251 |     9 |    20 |     8 |     2 ||   478
       Lee's Rapid Decon |       |       |       |     5 |    91 |    94 |    37 |    91 |    65 ||   383
       Borgnjor's Vile C |       |       |       |       |   115 |    99 |    95 |    17 |    23 ||   349
       Iron Shot         |       |       |       |       |    33 |   271 |   249 |   316 |   697 ||  1566
       Swiftness         |       |       |       |       |       |     1 |       |       |     1 ||     2
       Shatter           |       |       |       |       |       |     2 |    65 |    88 |   297 ||   452
       Blink             |       |       |       |       |       |       |     2 |       |     1 ||     3
       Sublimation of Bl |       |       |       |       |       |       |       |       |   216 ||   216
       Regeneration      |       |       |       |       |       |       |       |       |    66 ||    66
       Freezing Cloud    |       |       |       |       |       |       |       |       |    18 ||    18
       Dispel Undead     |       |       |       |       |       |       |       |       |    17 ||    17
       Lehudib's Crystal |       |       |       |       |       |       |       |       |     6 ||     6
Invok: Call Merchant     |       |       |       |     2 |     1 |     3 |       |     4 |     4 ||    14
       Potion Petition   |       |       |       |     1 |       |       |     2 |       |     2 ||     5
       Channel Magic     |       |       |       |       |       |       |       |       |     4 ||     4
 Abil: Exsanguinate      |       |       |       |     2 |       |       |     1 |     1 |       ||     4
       Revivify          |       |       |       |     1 |     1 |       |     1 |       |     1 ||     4
       End Transformatio |       |       |       |       |     1 |       |       |       |       ||     1
       Bat Form          |       |       |       |       |     1 |       |       |       |       ||     1
Evoke: Wand              |       |       |       |     6 |    16 |     6 |     3 |    12 |    16 ||    59
  Use: Scroll            |       |       |    16 |     1 |    21 |     7 |     6 |     9 |    38 ||    98
       Potion            |       |       |       |       |    10 |     2 |       |     1 |     4 ||    17
 Stab: Sleeping          |       |     3 |     7 |     6 |     8 |     1 |     6 |       |     2 ||    33
       Distracted        |       |       |     2 |     3 |     9 |     6 |    11 |     6 |    15 ||    52
       Confused          |       |       |       |       |       |       |       |     4 |       ||     4
Armor: Robe              |    19 |    14 |     6 |       |       |       |       |       |       ||    39
       Leather armour    |       |     9 |    38 |       |       |       |       |       |       ||    47
       Scale mail        |       |       |     5 |   200 |       |       |       |       |       ||   205
       Troll leather arm |       |       |       |    61 |   200 |   147 |   177 |   129 |   320 ||  1034
Dodge: Dodged            |    41 |    94 |   171 |   227 |   406 |   299 |   439 |   251 |  1508 ||  3436
Block: Buckler           |       |       |    22 |   198 |   402 |   291 |   383 |   281 |   129 ||  1706
       Reflection        |       |       |       |       |    42 |    32 |     9 |    28 |    32 ||   143
       Shield            |       |       |       |       |       |       |       |       |  1710 ||  1710
       Rpst.: Katana     |       |       |       |       |       |    27 |    78 |    49 |   318 ||   472
